 Dungeon Crawl Stone Soup version 0.31.0-4-g52a2dc7128 (webtiles) character file.

Game seed: 12320876600977819776

8771 shadowrider38 the Covert (level 11, -8/73 HPs)
             Began as a Kobold Reaver on Jan 22, 2024.
             Was a Believer of Ashenzari.
             Mangled by a five-headed hydra (14 damage)
             ... on level 10 of the Dungeon.
             The game lasted 00:26:28 (14300 turns).

shadowrider38 the Covert (Kobold Reaver)           Turns: 14300, Time: 00:26:29

Health: -8/73      AC:  7    Str:  6    XL:     11   Next: 62%
Magic:  11/16      EV: 20    Int: 21    God:    Ashenzari [**....]
Gold:   1457       SH:  0    Dex: 19    Spells: 1/17 levels left

rFire   . . .        a - +2 dagger (venom)
rCold   + . .        (no shield)
rNeg    + . .        v - +1 leather armour of Ashenzari's Sybil {rC+, Elem, Cun} (curse)
rPois   +            w - +0 hat of Ashenzari's Vision {rPois Int+5, Self, Sorc} (curse)
rElec   .            (no cloak)
rCorr   .            B - +2 pair of gloves
SInv    +            (no boots)
Will    .....        z - amulet "Muumoloe" {RegenMP Regen+ Str-4 Dex+3 Slay+6}
Stlth   ++++++       C - ring of Ashenzari's Prison {rN+, Dev, Melee} (curse)
HPRegen 1.12/turn    k - ring "Burden of Ashenzari" {Wiz, Comp, Self} (curse)
MPRegen 0.55/turn

%: wizardry (x1)
@: weak-willed, freezing walls
A: small, no large weapons, nightstalker 3
a: Renounce Religion, Shatter the Chains


You were on level 10 of the Dungeon.
You worshipped Ashenzari.
Ashenzari was pleased with you.
You visited 2 branches of the dungeon, and saw 11 of its levels.

You collected 1457 gold pieces.

Inventory:

Hand Weapons
 a - a +2 dagger of venom (weapon)
 g - a +0 rapier
Missiles
 t - 5 boomerangs
 F - 6 curare-tipped darts
Armour
 v - the cursed +1 leather armour of Ashenzari's Sybil (worn) {rC+, Elem, Cun}
   (You took it off an orc on level 4 of the Dungeon)

   It has a curse which improves the following skills: Elements: Fire Magic, Ice
   Magic, Air Magic and Earth Magic.
   Cunning:   Dodging and Stealth.
 w - the cursed +0 hat of Ashenzari's Vision (worn) {rPois Int+5, Self, Sorc}
   (You acquired it on level 4 of the Dungeon)

   Int+5:     It affects your intelligence (+5).
   rPois:     It protects you from poison It has a curse which improves the
   following skills: Introspection: Fighting and Spellcasting.
   Sorcery:   Conjurations and Alchemy.
 B - a +2 pair of gloves (worn)
Magical Staves
 b - a staff of conjuration
Jewellery
 k - the cursed ring "Burden of Ashenzari" (right hand) {Wiz, Comp, Self}
   (You found it on level 2 of the Dungeon)

   [ring of wizardry]

   Wiz:       It improves your spell success rate.
   It has a curse which improves the following skills: Companions: Summonings
   and Necromancy.
   Introspection: Fighting and Spellcasting.
 n - a ring of positive energy
 x - a ring of fire
 z - the amulet "Muumoloe" (around neck) {RegenMP Regen+ Str-4 Dex+3 Slay+6}
   (You found it on level 9 of the Dungeon)

   [amulet of magic regeneration]

   RegenMP:   It increases your rate of magic regeneration.
   Str-4:     It affects your strength (-4).
   Dex+3:     It affects your dexterity (+3).
   Slay+6:    It affects your accuracy & damage with ranged weapons and melee
   (+6).
   Regen+:    It increases your rate of health regeneration.
 C - the cursed ring of Ashenzari's Prison (left hand) {rN+, Dev, Melee}
   (You found it on level 1 of the Dungeon)

   [ring of positive energy]

   rN+:       It protects you from negative energy.
   It has a curse which improves the following skills: Devices: Evocations and
   Shapeshifting.
   Melee Combat: Short Blades, Long Blades, Axes, Maces & Flails, Polearms,
   Staves and Unarmed Combat.
Wands
 y - a wand of mindburst (4)
 A - a wand of polymorph (8)
 V - a wand of flame (6)
Scrolls
 c - 2 scrolls of amnesia
 d - a scroll of summoning
 h - 4 scrolls of fog
 i - 2 scrolls of vulnerability
 l - a scroll of revelation
 m - a scroll of fear
 s - a scroll of noise
 T - 2 scrolls of teleportation
Potions
 e - 4 potions of lignification
 f - 2 potions of might
 j - a potion of cancellation
 o - 3 potions of heal wounds
 p - a potion of brilliance
 q - a potion of attraction
 r - 2 potions of mutation
 u - a potion of ambrosia
 H - 2 potions of haste
 Q - 3 potions of curing


   Skills:
 + Level 8.7(10.5) Fighting
 - Level 10.6(11.7) Short Blades
 + Level 9.5(10.7) Dodging
 + Level 10.9(12.0) Stealth
 + Level 2.2(3.6) Spellcasting
 - Level 3.0(4.0) Conjurations
 - Level 6.0 Hexes
 - Level 5.0(6.1) Ice Magic
 + Level 1.8(2.7) Earth Magic


You had one spell level left.
You knew the following spells:

 Your Spells              Type           Power      Damage    Failure   Level
a - Kiss of Death         Conj/Necr      48%        2d9       3%          1
b - Ensorcelled Hibernat  Hex/Ice        58%        N/A       1%          2
c - Passwall              Erth           15%        N/A       8%          3
d - Frozen Ramparts       Ice            58%        1d9       1%          3
p - Petrify               Alch/Erth      9%         N/A       38%         4
t - Tukima's Dance        Hex            29%        N/A       1%          3

Your spell library contained the following spells:

 Spells                   Type           Power      Damage    Failure   Level
 Sting                    Conj/Alch      48%        1d6       3%          1
 Necrotise                Necr           16%        1d4       8%          1
 Summon Small Mammal      Summ           16%        N/A       8%          1
 Apportation              Tloc           6%         N/A       9%          1
 Ozocubu's Armour         Ice            29%        N/A       1%          3
 Hailstorm                Conj/Ice       25%        3d7       3%          3
 Momentum Strike          Conj/Tloc      24%        3d8       5%          2
 Cigotuvi's Dreadful Rot  Necr/Alch/Air  8%         N/A       12%         2
 Metabolic Englaciation   Hex/Ice        14%        N/A       17%         5
 Fugue of the Fallen      Necr           4%         N/A       22%         3
 Swiftness                Air            4%         N/A       22%         3
 Vampiric Draining        Necr           4%         2d6       22%         3
 Dimensional Bullseye     Hex/Tloc       8%         N/A       22%         4
 Iskenderun's Mystic Bla  Conj/Tloc      12%        2d5       32%         4
 Leda's Liquefaction      Alch/Erth      4%         N/A       38%         4
 Freezing Cloud           Conj/Ice/Air   9%         6-21      45%         5
 Ignite Poison            Fire/Alch      4%         N/A       56%         4
 Martyr's Knell           Necr/Summ      4%         N/A       56%         4
 Manifold Assault         Tloc           3%         N/A       58%         4
 Curse of Agony           Necr           4%         N/A       87%         5


Dungeon Overview and Level Annotations

Branches:
Dungeon (10/15) Zot: 25965  Temple (1/1) D:7 Zot: 5958    Lair (0/5) D:10
    Orc: D:9-12

Altars:
Ashenzari
Cheibriados
Dithmenos
Elyvilon
Fedhas
Gozag
Hepliaklqana
Kikubaaqudgha
Makhleb
Nemelex Xobeh
Okawaru
Qazlal
Ru
Sif Muna
Trog
Uskayaw
Vehumet
Wu Jian
Xom
Yredelemnul
Zin
The Shining One

Annotations:
D:3 exclusion: downstairs
D:6 exclusion: ogre
D:7 2 transporters, exclusions: orc, orc warrior and orc wizard, Shen's ghost, novice OpSh
D:8 exclusion: 2 killer bees
D:9 exclusion: statue


Innate Abilities, Weirdness & Mutations

You are small and have problems with some larger weapons.
You are completely attuned to the shadows.


Message History

The five-headed hydra closely misses you.
The five-headed hydra bites you but does no damage.
Casting: Ensorcelled Hibernation (safe; 1% risk of failure)
Confirm with . or Enter, or press ? or * to list all spells.
Okay, then.
Aiming: Ensorcelled Hibernation (safe; 1% risk of failure)
Press: ? - help, Q - select action, (/) - cycle Shift-Dir - straight line, f - five-headed hydra
Aim: a five-headed hydra (moderately wounded, weak-willed, chance to affect: 50%)
The five-headed hydra resists with some effort.
The wall freezes the five-headed hydra!
The five-headed hydra completely misses you.
The five-headed hydra barely misses you.
The five-headed hydra closely misses you.
The five-headed hydra bites you but does no damage.
The five-headed hydra completely misses you.
Aiming: Ensorcelled Hibernation (safe; 1% risk of failure)
Press: ? - help, Q - select action, (/) - cycle Shift-Dir - straight line, f/p - five-headed hydra
Aim: a five-headed hydra (moderately wounded, weak-willed, chance to affect: 50%)
The five-headed hydra looks drowsy...
The wall freezes the five-headed hydra.
The five-headed hydra roars!
The five-headed hydra misses you. x3; The five-headed hydra bites you! x2
Aiming: Ensorcelled Hibernation (safe; 1% risk of failure)
Press: ? - help, Q - select action, (/) - cycle Shift-Dir - straight line, f - you, p - five-headed hydra That would be overly suicidal.
Okay, then.
Unknown command.
Aiming: Ensorcelled Hibernation (safe; 1% risk of failure)
Press: ? - help, Q - select action, (/) - cycle Shift-Dir - straight line, f - you
Okay, then.
Casting: Ensorcelled Hibernation (safe; 1% risk of failure)
Confirm with . or Enter, or press ? or * to list all spells.
Okay, then.
Okay, then.
Casting: Ensorcelled Hibernation (safe; 1% risk of failure)
Confirm with . or Enter, or press ? or * to list all spells.
Okay, then.
Okay, then.
Okay, then.
As you read the scroll of summoning, it crumbles to dust.
Wisps of shadow whirl around you...
The wall freezes the five-headed hydra.
The five-headed hydra seems to slow down.
The five-headed hydra bites you!
* * * LOW HITPOINT WARNING * * *
The five-headed hydra bites you!
* * * LOW HITPOINT WARNING * * *
The five-headed hydra misses you.
The five-headed hydra barely misses you.
The five-headed hydra bites you!
You die...

#.......#.....#......
#....~.....>.........
#....#..#(....#..#...
#....#..##...........
##........#.###......
#.....z#.#...#.#....~
..o#o...............##
...o.#zzz...#.#.)..###
.o..o@................
oo#D####.......~)..##
#. ##...##.....# #.
##......)#.# #.
##...>.##.##
#####.###.. #..~..)
#..~... #..≈...


You could see a five-headed hydra (slow, weak-willed, ally target), 4 friendly
wights, 2 friendly orc priests, 2 friendly orc wizards and 3 friendly orcs.

Vanquished Creatures
  Gastronok (D:9)
  A boulder beetle (D:10)
  Pikel (D:4)
  A rime drake (D:10)
  A troll (D:10)
  Prince Ribbit (D:5)
  Sigmund (D:6)
  7 yaks
  A basilisk (D:10)
  4 steam dragons
  3 wyverns
  Edmund (D:6)
  2 water moccasins (D:7)
  3 orc warriors
  2 black bears (D:6)
  2 sky beasts
  5 ice beasts
  An ogre (D:6)
  3 centaurs
  3 wolves (D:10)
  4 lemures (D:4)
  A phantom (D:3)
  3 kobold brigands
  Blork the orc (D:4)
  3 bullfrogs
  2 jellies
  A gnoll sergeant (D:7)
  2 scorpions (D:5)
  3 howler monkeys (D:10)
  2 bombardier beetles
  3 hounds
  3 orc priests
  3 iguanas
  6 orc wizards
  9 gnolls
  8 adders
  3 shadow imps
  4 dart slugs
  3 ribbon worms
  17 orcs
  6 ball pythons
  8 endoplasms
  4 giant cockroaches
  7 goblins
  13 hobgoblins
  5 quokkas
  A bat (D:1)
  2 frilled lizards
  25 kobolds
  4 rats
200 creatures vanquished.

Vanquished Creatures (collateral kills)
  An orc warrior (D:6)
  A bullfrog (D:6)
  An orc priest (D:6)
  2 orc wizards (D:6)
  An orc (D:6)
6 creatures vanquished.

Vanquished Creatures (others)
  An orc priest (D:6)
1 creature vanquished.

Grand Total: 207 creatures vanquished

Notes
Turn   | Place    | Note
-------+----------+-------------------------------------------
     0 | D:1      | shadowrider38 the Kobold Reaver began the quest for the
                  | Orb.
     0 | D:1      | Reached XP level 1. HP: 12/12 MP: 3/3
   342 | D:1      | Reached XP level 2. HP: 18/18 MP: 5/5
   667 | D:1      | Reached XP level 3. HP: 22/22 MP: 6/6
   683 | D:1      | Reached skill level 3 in Dodging
  1458 | D:2      | Reached XP level 4. HP: 27/27 MP: 7/7
  1883 | D:2      | Reached skill level 3 in Fighting
  2632 | D:3      | Reached XP level 5. HP: 22/32 MP: 8/8
  2963 | D:3      | Reached skill level 3 in Stealth
  3941 | D:4      | Noticed a phantom
  4070 | D:4      | Learned a level 2 spell: Ensorcelled Hibernation
  4150 | D:4      | Found a glowing golden altar of the Shining One.
  4208 | D:4      | Reached XP level 6. HP: 37/37 MP: 9/9
  4469 | D:4      | You fall into a shaft and drop 3 floors!
  4479 | D:7      | Noticed a water moccasin
  4489 | D:7      | Found a transporter.
  4492 | D:7      | Noticed Shen's ghost (novice OpSh)
  4501 | D:7      | Reached XP level 7. HP: 43/43 MP: 10/10
  4549 | D:7      | Found a staircase to the Ecumenical Temple.
  4557 | Temple   | Entered the Ecumenical Temple
  4585 | Temple   | Became a worshipper of Ashenzari the Shackled
  4697 | D:6      | Noticed Sigmund
  4731 | D:6      | Noticed a steam dragon
  4775 | D:6      | Killed a steam dragon
  4776 | D:6      | Reached XP level 8. HP: 38/42 MP: 4/11
  4793 | D:6      | Killed Sigmund
  4877 | D:6      | Noticed Edmund
  4881 | D:6      | Killed Edmund
  5077 | D:6      | Reached skill level 3 in Hexes
  5118 | D:6      | Reached skill level 3 in Ice Magic
  5181 | D:5      | Entered Level 5 of the Dungeon
  5581 | D:5      | Noticed Prince Ribbit
  5593 | D:5      | Reached XP level 9. HP: 37/55 MP: 9/12
  5596 | D:5      | Killed Prince Ribbit
  5735 | D:4      | Noticed Blork the orc
  5739 | D:4      | Killed Blork the orc
  5843 | D:4      | Reached * piety under Ashenzari
  5843 | D:4      | Identified 2 scrolls of acquirement
  5844 | D:4      | Acquired the +0 hat of the Slorg {rPois Int+5}
  5851 | D:4      | Acquired 778 gold pieces
  7091 | D:4      | Noticed Pikel
  7107 | D:4      | Killed Pikel
  7241 | D:4      | Found a glowing golden altar of the Shining One.
  7927 | D:2      | Learned a level 3 spell: Tukima's Dance
  8180 | D:5      | Found a snail-covered altar of Cheibriados.
  8574 | D:5      | Reached ** piety under Ashenzari
  9336 | D:6      | Found a white marble altar of Elyvilon.
  9520 | D:7      | Noticed a tengu conjurer
  9716 | D:7      | Reached XP level 10. HP: 59/63 MP: 5/14
  9804 | D:7      | Found a transporter.
 10724 | D:7      | Found a transporter.
 11021 | D:7      | Found a staircase to the Ecumenical Temple.
 11077 | D:7      | Found a transporter.
 11643 | D:8      | Found a shadowy altar of Dithmenos.
 11882 | D:8      | Reached skill level 9 in Short Blades
 11990 | D:8      | Found a blossoming altar of Fedhas.
 12000 | D:8      | Found a sparkling altar of Nemelex Xobeh.
 12005 | D:8      | Found a hide-covered altar of Uskayaw.
 12479 | D:9      | Identified the amulet "Muumoloe" {RegenMP Regen+ Str-4
                  | Dex+3 Slay+6}
 12480 | D:9      | Found a radiant altar of Vehumet.
 12573 | D:9      | Noticed Gastronok
 12579 | D:9      | Learned a level 3 spell: Passwall
 12599 | D:9      | Killed Gastronok
 12600 | D:9      | Reached skill level 9 in Stealth
 12794 | D:9      | Reached XP level 11. HP: 69/69 MP: 11/15
 13249 | D:10     | Entered Level 10 of the Dungeon
 13290 | D:10     | Found a staircase to the Lair.
 13301 | D:10     | Reached skill level 9 in Dodging
 13401 | D:10     | Learned a level 4 spell: Petrify
 13459 | D:10     | Noticed a five-headed hydra
 13790 | D:10     | Noticed a boulder beetle
 13832 | D:10     | Killed a boulder beetle
 13955 | D:10     | Noticed a catoblepas
 14075 | D:9      | Learned a level 3 spell: Frozen Ramparts
 14300 | D:10     | Mangled by a five-headed hydra

Illustrated notes

Levels and vault maps discovered:
D:1:      minmay_arrival_up_and_down, layout_loops_ring,
          chequers_serial_rivers_micro_b
D:2:      layout_basic
D:3:      layout_loops_corners
D:4:      layout_basic, mainiacjoe_overflow_paths, uniq_blork_the_orc,
          uniq_pikel
D:5:      layout_gridville, lemuel_doored_altar, kennysheep_windowed_goal,
          uniq_prince_ribbit1
D:6:      layout_rooms, nicolae_elyvilon_temple_path, lemuel_flame_loot_1,
          uniq_edmund, uniq_sigmund
D:7:      layout_rooms, minmay_temple_entry_poolview, gammafunk_ghost_arena
D:8:      layout_gridville, nicolae_overflow_crystal_walls,
          minmay_overflow_temple_star_quad
D:9:      layout_rooms, vehumet_statue, uniq_gastronok
D:10:     layout_rooms, hellmonk_lair_entry_icy, serial_rivers,
          chequers_serial_rivers_marsh, chequers_serial_rivers_micro_b,
          chequers_serial_rivers_micro_a, chequers_serial_rivers_micro_c,
          minmay_bent
Temple:   nicolae_temple_superstar

Skill      XL: |  1  2  3  4  5  6  7  8  9 10 11 |
---------------+----------------------------------+-----
Stealth        | 1 2 3 4 5 6 7 9 10 | 10.9
Dodging        | 3 4 5 6 8 9 |  9.5
Fighting       | 3 4 5 6 7 8 |  8.7
Short Blades   | 5 6 7 8 9 10 | 10.6
Hexes          | 1 2 3 5 6 |  6.0
Ice Magic      | 1 2 3 5 |  5.0
Earth Magic    | 1 |  1.8
Spellcasting   | |  2.2
Conjurations   | |  3.0

Action                     |  1- 3 |  4- 6 |  7- 9 | 10-12 || total
---------------------------+-------+-------+-------+-------++-------
  Melee: Short sword       |    96 |   126 |       |       ||   222
         Punch             |     2 |     3 |     1 |     1 ||     7
         Dagger            |       |    52 |   116 |   189 ||   357
  Throw: Dart              |       |       |     7 |     1 ||     8
   Cast: Kiss of Death     |     2 |       |     5 |     2 ||     9
         Ensorcelled Hiber |       |       |    75 |    88 ||   163
         Passwall          |       |       |       |     2 ||     2
         Frozen Ramparts   |       |       |       |     1 ||     1
 Invoke: Curse Item        |       |       |     3 |     2 ||     5
         Shatter the Chain |       |       |       |     1 ||     1
  Evoke: Wand              |       |    10 |     4 |     1 ||    15
    Use: Scroll            |     3 |     6 |     7 |     6 ||    22
         Potion            |       |     1 |       |     1 ||     2
   Stab: Sleeping          |    13 |    20 |    45 |    49 ||   127
         Distracted        |       |     1 |       |       ||     1
 Armour: Leather armour    |    16 |    54 |    50 |    94 ||   214
  Dodge: Dodged            |    47 |    88 |   114 |   166 ||   415
